 Dungeon Sprint DCSS version 0.30-a0-358-g0d69a1922f (webtiles) character file.

Game seed: 12142858603988454668

6042 rocky1 the Imperceptible (level 11, -1/72 HPs)
             Began as a Kobold Brigand on Nov 9, 2022.
             Was an Initiate of Gozag.
             Slain by a demonic crawler (9 damage)
             ... in the Dungeon (Sprint I: "Red Sonja").
             The game lasted 00:18:53 (4019 turns).

rocky1 the Imperceptible (Kobold Brigand)           Turns: 4019, Time: 00:18:53

Health: -1/72      AC: 17    Str:  8    XL:     11   Next: 11%
Magic:  11/11      EV: 17    Int: 13    God:    Gozag
Gold:   62         SH:  7    Dex: 25    Spells: 10/10 levels left

rFire   + . .      SeeInvis .    r - +2 long sword (freeze)
rCold   . . .      Faith    .    o - +1 buckler {rN+}
rNeg    + + .      Spirit   .    u - +4 ring mail of Twilight {rN+ Will++}
rPois   .          Reflect  .    s - +0 helmet
rElec   +          Harm     .    A - scarf {+Inv}
rCorr   .          Rampage  .    v - +0 pair of gloves
Will    ++...      NoTele   +    x - +0 pair of boots "Kato" {rElec rF+}
Stlth   ++++++++++               (no amulet)
HPRegen 0.32/turn                n - ring of Nail {AC+4 Dex+4}
MPRegen 0.12/turn                (no ring)

@: brilliant, gold aura, on berserk cooldown, hasted and slowed
A: small, no large weapons, nightstalker 3
a: Renounce Religion, Evoke Invisibility, Potion Petition, Call Merchant, Bribe
Branch


You were in the Dungeon.
You worshipped Gozag.
Gozag was noncommittal.
You visited 1 branch You collected 3405 gold pieces.
You spent 2304 gold pieces at shops.
You paid 1039 gold pieces to Gozag.

Inventory:

Hand Weapons
 a - a +2 dagger
 q - a +1 vampiric trident
 r - a +2 long sword of freezing (weapon)
 C - a +1 dagger of venom
Missiles
 d - 9 poisoned darts (quivered)
 e - 5 curare-tipped darts
Armour
 o - a +1 buckler of positive energy (worn)
 s - a +0 helmet (worn)
 u - the +4 ring mail of Twilight (worn) {rN+ Will++}
   (You bought it in a shop in the Dungeon)

   rN:        It protects you from negative energy.
   Will:      It greatly increases your willpower.
 v - a +0 pair of gloves (worn)
 x - the +0 pair of boots "Kato" (worn) {rElec rF+}
   (You bought it in a shop in the Dungeon)

   rF:        It protects you from fire.
   rElec:     It insulates you from electricity.
 y - the +0 leather armour "Zexiet Cigeh" {rC+}
   (You bought it in a shop in the Dungeon)

   rC:        It protects you from cold.
 z - a +1 kite shield of protection
 A - a scarf of invisibility (worn)
Jewellery
 g - a ring of positive energy
 n - the ring of Nail (left hand) {AC+4 Dex+4}
   (You found it in the Dungeon)

   [ring of protection]

   AC:        It affects your AC (+4).
   Dex:       It affects your dexterity (+4).
Wands
 h - a wand of charming (2)
 l - a wand of mindburst (12)
Scrolls
 k - 3 scrolls of blinking
 p - a scroll of amnesia
Potions
 b - 2 potions of resistance
 f - 5 potions of curing
 i - 2 potions of magic
 m - a potion of degeneration
 w - 3 potions of might


   Skills:
 + Level 10.2 Fighting
 + Level 11.6(12.3) Short Blades
 + Level 3.9(6.2) Long Blades
 - Level 6.1 Throwing
 - Level 4.7 Armour
 - Level 7.3 Dodging
 - Level 26.1 Stealth
 - Level 1.5 Evocations


You had 10 spell levels left.
You didn't know any spells.
Your spell library contained the following spells:

 Spells                   Type           Power      Damage    Failure   Level
 Necrotise                Necr           0%         1d4       80%         1
 Vampiric Draining        Necr           0%         2d6       99%         3
 Agony                    Necr           0%         N/A       100%        5


Dungeon Overview and Level Annotations

Branches:
Dungeon (1/1)

Altars:
Cheibriados
Dithmenos
Elyvilon
Fedhas
Gozag
Hepliaklqana
Kikubaaqudgha
Makhleb
Nemelex Xobeh
Okawaru
Qazlal
Ru
Sif Muna
Trog
Uskayaw
Vehumet
Wu Jian
Xom
Yredelemnul
Zin
The Shining One
Jiyva
Lugonu

Shops:
D !?!=[[([[[=[(![[:


Innate Abilities, Weirdness & Mutations

You are small and have problems with some larger weapons.
You are completely attuned to the shadows.


Message History

The demonic crawler misses you. The demonic crawler hits you.
The demonic crawler hits you but does no damage.
You hit the demonic crawler but do no damage.
The demonic crawler misses you. The demonic crawler closely misses you.
You block the demonic crawler's attack.
The demonic crawler closely misses you. x2
The demonic crawler hits you.
The demonic crawler is distracted by your dazzling golden aura.
You strike the helpless demonic crawler from behind!
You slice the demonic crawler!! You freeze the demonic crawler.
The demonic crawler is no longer distracted by gold.
The demonic crawler is heavily wounded.
The demonic crawler shrieks in warning!
The demonic crawler hits you. You block the demonic crawler's attack.
The demonic crawler hits you!
* * * LOW HITPOINT WARNING * * *
Unknown command.
Okay, then.
You now have enough gold to buy a runed cloak on this level, or buy a pair of glimmering boots on this level.
You can access your shopping list by pressing '$'.
You now have enough gold to petition Gozag for potion effects.
You now have 426 gold pieces (gained 315).
The demonic crawler hits you but does no damage.
The demonic crawler closely misses you.
The demonic crawler hits you but does no damage. x2
The demonic crawler hits you!
* * * LOW HITPOINT WARNING * * *
The demonic crawler closely misses you. [a] - 364 gold - haste and brilliance [b] - 868 gold - haste, brilliance, lignification, might and resistance [c] - 783 gold - resistance, might, haste and lignification Purchase which effect?
You no longer have enough gold to petition Gozag for potion effects.
You feel yourself speed up.
You feel clever all of a sudden. You block the demonic crawler's attack.
The demonic crawler hits you but does no damage.
The demonic crawler completely misses you.
The demonic crawler closely misses you. The demonic crawler hits you!
You die...
Your body crumbles into a pile of gold.

##########################
#<.#.))..#.)'..#__#..'...#
$ $
#..'..#..'..#..)..'..#.$.#
$
#..#####'#####'#__####...'.
$
#..####..#...#[####.)#####.
$ #..#__####..##.#§§§§.#.§#
#..#_____##+#_.'§~§..'..#
#⌠⌠#_.∩...'...s#§~~.§#§§#
####_..__##_.#@##§#####'###
$$#_____###+#.#.)).###.'.#
############.####)###.###.#
#∩........+...+.....'.∩##.#
###++++####...###########.#
$ ###.###.......##§# $ $
#.#+#.#......§§§§# $
#.....#...######§# $
#..[..#..§§....#§#


You could see a demonic crawler.

Vanquished Creatures
  2 centaur warriors (D)
  Sonja (D)
  A deep troll (D)
  An oklob plant (D)
  2 unseen horrors (D)
  2 demonic crawlers (D)
  2 kobold demonologists (D)
  A hornet (D)
  A slime creature (D)
  Sigmund (D)
  A yak (D)
  2 redbacks (D)
  2 floating eyes (D)
  An ogre (D)
  7 necrophages (D)
  8 jellies (D)
  Ijyb (D)
  A ballistomycete spore (D)
37 creatures vanquished.

Vanquished Creatures (others)
  A ballistomycete spore (D)
1 creature vanquished.

Grand Total: 38 creatures vanquished

Notes
Turn   | Place    | Note
-------+----------+-------------------------------------------
     0 | D        | rocky1 the Kobold Brigand began the quest for the Orb.
     0 | D        | Reached XP level 1. HP: 12/12 MP: 1/1
     2 | D        | Noticed Ijyb
     5 | D        | Killed Ijyb
     6 | D        | Reached skill level 8 in Stealth
     6 | D        | Reached XP level 2. HP: 18/18 MP: 2/2
     6 | D        | Reached XP level 3. HP: 22/22 MP: 3/3
   130 | D        | Noticed an ogre
   135 | D        | Killed an ogre
   136 | D        | Reached skill level 12 in Stealth
   136 | D        | Reached XP level 4. HP: 28/28 MP: 4/4
   136 | D        | Reached XP level 5. HP: 32/32 MP: 5/5
   384 | D        | Noticed Sigmund
   387 | D        | Killed Sigmund
   388 | D        | Reached skill level 5 in Short Blades
   388 | D        | Reached skill level 15 in Stealth
   388 | D        | Reached XP level 6. HP: 39/39 MP: 6/6
   412 | D        | Found an ornate altar of the Wu Jian Council.
   413 | D        | Found a shimmering blue altar of Sif Muna.
   414 | D        | Found a radiant altar of Vehumet.
   415 | D        | Identified the ring of Nail {AC+4 Dex+4}
   448 | D        | Found a hazy altar of Hepliaklqana.
   448 | D        | Found a stormy altar of Qazlal.
   448 | D        | Found a hide-covered altar of Uskayaw.
   448 | D        | Found a blossoming altar of Fedhas.
   448 | D        | Noticed a yak
   449 | D        | Found Nitalet's Magic Scroll Emporium.
   449 | D        | Found a bloodstained altar of Trog.
   449 | D        | Found an opulent altar of Gozag.
   449 | D        | Found a snail-covered altar of Cheibriados.
   450 | D        | Killed a yak
   451 | D        | Reached skill level 5 in Fighting
   451 | D        | Reached skill level 17 in Stealth
   451 | D        | Reached XP level 7. HP: 44/44 MP: 7/7
   451 | D        | Found an iron altar of Okawaru.
   451 | D        | Found a sparkling altar of Nemelex Xobeh.
   451 | D        | Found a sacrificial altar of Ru.
   451 | D        | Found a glowing silver altar of Zin.
   452 | D        | Found an ancient bone altar of Kikubaaqudgha.
   452 | D        | Found a basalt altar of Yredelemnul.
   452 | D        | Found a glowing golden altar of the Shining One.
   452 | D        | Found a shadowy altar of Dithmenos.
   452 | D        | Found a white marble altar of Elyvilon.
   456 | D        | Became a worshipper of Gozag Ym Sagoz the Greedy
   469 | D        | Noticed Sonja
   473 | D        | Killed Sonja
   474 | D        | Reached skill level 5 in Throwing
   474 | D        | Reached skill level 20 in Stealth
   474 | D        | Reached XP level 8. HP: 51/51 MP: 8/8
   529 | D        | Found Arrufoir's Distillery.
   534 | D        | Bought a potion of might for 52 gold pieces
   534 | D        | Bought a potion of curing for 39 gold pieces
   613 | D        | Noticed a deep troll
   617 | D        | Killed a deep troll
   618 | D        | Reached skill level 22 in Stealth
   618 | D        | Reached XP level 9. HP: 56/56 MP: 9/9
   632 | D        | Found Siasubb's Armour Emporium.
   645 | D        | Bought a +0 pair of boots of flying for 138 gold pieces
   752 | D        | Bought the +4 ring mail of Twilight {rN+ Will++} for 590
                  | gold pieces
   752 | D        | Bought a +0 pair of gloves for 54 gold pieces
   793 | D        | Noticed a centaur warrior
   796 | D        | Noticed a centaur warrior
   816 | D        | Killed a centaur warrior
   817 | D        | Reached skill level 23 in Stealth
   824 | D        | Killed a centaur warrior
   825 | D        | Reached skill level 1 in Armour
   825 | D        | Reached skill level 5 in Dodging
   825 | D        | Reached skill level 24 in Stealth
  1186 | D        | Noticed a hornet
  1189 | D        | Killed a hornet
  1190 | D        | Reached skill level 25 in Stealth
  1190 | D        | Reached XP level 10. HP: 64/64 MP: 10/10
  1303 | D        | Noticed an oklob plant
  1923 | D        | Killed an oklob plant
  2418 | D        | Killed an unseen horror
  2419 | D        | Reached skill level 10 in Short Blades
  3176 | D        | Killed an unseen horror
  3177 | D        | Reached skill level 26 in Stealth
  3521 | D        | Reached skill level 1 in Long Blades
  3620 | D        | Found Ykutobuj's Jewellery Shoppe.
  3620 | D        | Found Puommar's Armour Boutique.
  3621 | D        | Found Quimer's Distillery.
  3623 | D        | Found Uxzusuon's Antique Armour Emporium.
  3623 | D        | Found Qupsihyqarch's Weapon Shop.
  3623 | D        | Found Secystap's Antique Armour Shoppe.
  3623 | D        | Found Duix's Armour Boutique.
  3625 | D        | Bought a potion of might for 40 gold pieces
  3625 | D        | Bought a potion of might for 40 gold pieces
  3625 | D        | Bought a potion of curing for 30 gold pieces
  3625 | D        | Bought a potion of curing for 30 gold pieces
  3625 | D        | Bought a potion of curing for 30 gold pieces
  3629 | D        | Found Maluny's Antique Armour Emporium.
  3630 | D        | Bought a pair of steaming boots for 247 gold pieces
  3630 | D        | Identified the +0 pair of boots "Kato" {rElec rF+} (You
                  | bought it in a shop in the Dungeon)
  3630 | D        | Bought a scorched leather armour for 182 gold pieces
  3630 | D        | Identified the +0 leather armour "Zexiet Cigeh" {rC+} (You
                  | bought it in a shop in the Dungeon)
  3640 | D        | Found Xohestet's Jewellery Shop.
  3641 | D        | Found Ypecvint's Antique Armour Shoppe.
  3642 | D        | Found Urafoj's Antique Weapon Boutique.
  3643 | D        | Found Rimiym's Antique Armour Emporium.
  3643 | D        | Found Uhotweit's Distillery.
  3644 | D        | Bought a shiny kite shield for 210 gold pieces
  3644 | D        | Bought a glowing scarf for 224 gold pieces
  3654 | D        | Found Hiugajaf's Book Emporium.
  3659 | D        | Bought a potion of resistance for 100 gold pieces
  3659 | D        | Bought a potion of might for 40 gold pieces
  3659 | D        | Bought a potion of berserk rage for 50 gold pieces
  3729 | D        | Found a burning altar of Makhleb.
  3729 | D        | Found a viscous altar of Jiyva.
  3729 | D        | Found a shimmering altar of Xom.
  3729 | D        | Found a corrupted altar of Lugonu.
  3733 | D        | Reached skill level 1 in Evocations
  3749 | D        | Noticed a kobold demonologist
  3750 | D        | Noticed a kobold demonologist
  3752 | D        | Noticed an ice devil
  3753 | D        | Noticed a soul eater
  3756 | D        | Paralysed by a floating eye for 4 turns
  3760 | D        | Noticed a sun demon
  3777 | D        | Killed a kobold demonologist
  3893 | D        | Killed a kobold demonologist
  3894 | D        | Reached XP level 11. HP: 66/72 MP: 11/11
  3954 | D        | Bought a scroll of blinking for 82 gold pieces
  3954 | D        | Bought a scroll of identify for 22 gold pieces
  3954 | D        | Bought a scroll of blinking for 82 gold pieces
  3955 | D        | Bought a scroll of identify for 22 gold pieces
  4013 | D        | Reached skill level 10 in Fighting
  4019 | D        | Slain by a demonic crawler

Illustrated notes

Levels and vault maps discovered:
D:        dungeon_sprint_1 [red_sonja_temple_1, red_sonja_temple_small_1]

Skill      XL: |  1  2  3  4  5  6  7  8  9 10 11 |
---------------+----------------------------------+-----
Short Blades   | 3 4 5 6 7 8 9 11 | 11.6
Stealth        | 8 12 15 17 20 22 25 26 | 26.1
Fighting       | 3 4 5 6 7 9 10 | 10.2
Throwing       | 3 4 5 6 |  6.1
Dodging        | 2 3 5 7 |  7.3
Armour         | 1 4 |  4.7
Long Blades    | 3 |  3.9
Evocations     | 1 |  1.5

Action                   |  1- 3 |  4- 6 |  7- 9 | 10-12 || total
-------------------------+-------+-------+-------+-------++-------
Melee: Dagger            |     5 |     3 |    25 |   206 ||   239
       Punch             |       |       |     2 |     3 ||     5
       Long sword        |       |       |       |    66 ||    66
Invok: Potion Petition   |       |       |       |     2 ||     2
  Use: Potion            |     1 |       |     2 |     4 ||     7
       Scroll            |       |       |       |     2 ||     2
 Stab: Sleeping          |     1 |     3 |     3 |     9 ||    16
       Distracted        |       |       |       |     4 ||     4
Armor: Ring mail         |       |       |    21 |   195 ||   216
Dodge: Dodged            |     2 |       |    15 |   160 ||   177
Block: Buckler           |       |       |       |    17 ||    17

Table legend: (Time is in decaauts)
 A = Elapsed time spent in this place.
 B = Non-inter-level travel time spent in this place.
 C = Inter-level travel time spent in this place.
 D = Time resting spent in this place.
 E = Time spent auto-exploring this place.
 F = Levels seen in this place.
 G = Mean time per level.
                   A        B        C        D        E       F      G
               +--------+--------+--------+--------+--------+-----+--------+
         Total |   3889 |   3839 |     50 |   2742 |      0 |   1 | 3889.0 |
       Dungeon |   3889 |   3839 |     50 |   2742 |      0 |   1 | 3889.0 |
               +--------+--------+--------+--------+--------+-----+--------+

Top non-repeatable levels by time:
       D: 3889 daAuts
